 Dungeon Crawl Stone Soup version 0.28-a0-1038-g9c4cb8273d (webtiles) character file.

Game seed: 4955767376225621110

58571 spiderkeys the Alchemist (level 14, -37/64 HPs)
             Began as a Felid Abyssal Knight on Dec 8, 2021.
             Was the Champion of Lugonu.
             Blown up by an orb spider (54 damage)
             ... with an orb of destruction
             ... on level 3 of the Spider Nest on Dec 9, 2021.
             The game lasted 02:21:01 (43724 turns).

spiderkeys the Alchemist (Felid Abyssal Knight)    Turns: 43724, Time: 02:21:02

Health: -37/64     AC: 17    Str: 17    XL:     14   Next: 50%
Magic:  20/23      EV: 35    Int: 20    God:    Lugonu [******]
Gold:   1651       SH:  0    Dex: 21    Spells: 9/24 levels left
                                        Lives:  0   Deaths: 3

rFire   . . .      SeeInvis +     - Unarmed
rCold   . . .      Faith    .   (shield unavailable)
rNeg    . . .      Spirit   .   (armour unavailable)
rPois   ∞          Reflect  .   (helmet unavailable)
rElec   +          Harm     .   (cloak unavailable)
rCorr   .          Rampage  .   (gloves unavailable)
Will    +++..                   (boots unavailable)
Stlth   ++++++....              A - amulet of the acrobat
HPRegen 0.20/turn               r - ring of Ryomao {Will+ Str+3 Slay+3 Stlth+}
MPRegen 0.18/turn               o - ring "Uriustrar" {Contam Str+5 Int+6}

@: about to teleport, storm-form, flying
A: cleaving, flying, very small, (claws 1), (fangs 3), see invisible, (speed 1),
(shaggy fur 3), (stealthy paws), no weapons or thrown items, no armour,
multi-lived, thin skeletal structure 1, (cold resistance 1), wild magic 1
a: Blinkbolt, End Transformation, Renounce Religion, Depart the Abyss, Bend
Space, Banish, Corrupt, Enter the Abyss


You were on level 3 of the Spider Nest.
You worshipped Lugonu.
Lugonu was exalted by your worship.
You were a lightning-filled tempest!
You visited 4 branches of the dungeon, and saw 26 of its levels.
You visited the Abyss 2 times.
You also visited: Ossuary.

You collected 2628 gold pieces.
You spent 977 gold pieces at shops.


Innate Abilities, Weirdness & Mutations

You are a lightning-filled tempest!
Your stormy fists strike out in all directions at once.
You are incredibly evasive.
You are flying.
You are immune to poison.
((You have sharp claws.))
((You have razor-sharp teeth.))
You have supernaturally acute eyesight. (SInv)
((You cover ground quickly. (Speed+)))
((Your thick and shaggy fur keeps you warm. (AC +3, rC+)))
((Your paws help you pounce on unaware monsters.))
You are incapable of wielding weapons or throwing items.
You cannot wear armour.
You gain extra lives every three experience levels.
You have a somewhat thin skeletal structure. (Dex +2, Stealth+)
((Your flesh is cold resistant. (rC+)))
Your spells are a little harder to cast, but a little more powerful.


   Skills:
 - Level 9.0 Fighting
 - Level 12.0 Dodging
 - Level 8.0 Stealth
 - Level 10.2 Unarmed Combat
 - Level 5.6 Spellcasting
 - Level 4.0 Summonings
 - Level 18.0 Transmutations
 * Level 14.0 Air Magic
 - Level 8.0 Invocations


You had 9 spell levels left.
You knew the following spells:

 Your Spells              Type           Power      Damage    Failure   Level
c - Call Canine Familiar  Summ           28%        N/A       10%         3
l - Summon Lightning Spi  Summ/Air       53%        N/A       4%          4
z - Summon Small Mammal   Summ           100%       N/A       4%          1
X - Storm Form            Tmut/Air       37%        N/A       19%         7

Your spell library contained the following spells:

 Spells                   Type           Power      Damage    Failure   Level
 Corpse Rot               Necr/Air       86%        N/A       1%          2
 Ignite Poison            Fire/Tmut/Pois 38%        N/A       4%          3
 Animate Skeleton         Necr           14%        N/A       16%         1
 Pain                     Necr           28%        1d5       16%         1
 Summon Guardian Golem    Hex/Summ       17%        N/A       21%         3
 Silence                  Hex/Air        21%        N/A       24%         5
 Conjure Flame            Conj/Fire      7%         6-21      41%         3
 Dazzling Flash           Conj/Hex       14%        N/A       41%         3
 Vampiric Draining        Necr           7%         2d6       41%         3
 Animate Dead             Necr           3%         N/A       80%         4
 Dispel Undead            Necr           7%         3d8       80%         4
 Leda's Liquefaction      Hex/Erth       3%         N/A       80%         4
 Sticky Flame             Conj/Fire      7%         2d3       80%         4
 Maxwell's Capacitive Co  Air            34%        ∞         95%         8
 Agony                    Necr           7%         N/A       98%         5
 Borgnjor's Vile Clutch   Necr/Erth      3%         N/A       98%         5
 Death Channel            Necr           3%         N/A       100%        6
 Dispersal                Tloc           3%         N/A       100%        6
 Malign Gateway           Summ/Tloc      8%         N/A       100%        7
 Disjunction              Tloc           3%         N/A       100%        8
 Summon Horrible Things   Summ           14%        N/A       100%        8
 Chain Lightning          Conj/Air       21%        3d28      100%        9
 Fire Storm               Conj/Fire      3%         8d1       100%        9
 Shatter                  Erth           3%         3d7*      100%        9
 Portal Projectile        Hex/Tloc       Unusable   N/A       N/A         3

Inventory:

Jewellery
 n - a ring of positive energy
   (You found it on level 1 of the Spider Nest)
 o - the ring "Uriustrar" (right hand) {Contam Str+5 Int+6}
   (You found it on level 6 of the Dungeon)

   [ring of intelligence]

   Str:       It affects your strength (+5).
   Int:       It affects your intelligence (+6).
   Contam:    It causes magical contamination when unequipped.
 r - the ring of Ryomao (left hand) {Will+ Str+3 Slay+3 Stlth+}
   (You acquired it on level 2 of the Orcish Mines)

   [ring of willpower]

   Str:       It affects your strength (+3).
   Slay:      It affects your accuracy & damage with ranged weapons and melee
   (+3).
   Will:      It increases your willpower.
   Stlth:     It makes you more stealthy.
 t - an amulet of magic regeneration
   (You found it on level 11 of the Dungeon)
 A - an amulet of the acrobat (around neck)
   (You took it off an orc wizard on level 4 of the Dungeon)
 C - a ring of ice
   (You took it off Fannar on level 1 of the Lair of Beasts)
 F - a ring of fire
   (You took it off a wight on level 8 of the Dungeon)
 N - a ring of positive energy
   (You found it on level 2 of the Lair of Beasts)
 O - a +4 ring of protection
   (You found it on level 1 of the Abyss)
 P - a ring of poison resistance
   (You found it on level 15 of the Dungeon)
 R - a ring of resist corrosion
   (You found it on level 9 of the Dungeon)
 S - a +6 ring of strength
   (You found it on level 10 of the Dungeon)
 T - an amulet of faith {!P}
   (You found it on level 11 of the Dungeon)
 W - a ring of magical power
   (You found it on level 7 of the Dungeon)
Wands
 i - a wand of polymorph (25)
   (You took it off an orc on level 3 of the Dungeon)
 q - a wand of flame (27)
   (You took it off an orc on level 7 of the Dungeon)
 w - a wand of acid (1)
   (You found it on level 13 of the Dungeon)
 y - a wand of charming (4)
   (You found it on level 1 of the Lair of Beasts)
 B - a wand of iceblast (10)
   (You found it on level 3 of the Lair of Beasts)
 H - a wand of paralysis (8)
   (You found it on level 6 of the Lair of Beasts)
 Q - a wand of mindburst (5)
   (You found it on level 1 of the Spider Nest)
Scrolls
 b - 4 scrolls of enchant weapon
 e - 4 scrolls of immolation {!r!r}
 h - 5 scrolls of magic mapping {!r}
 p - 3 scrolls of holy word
 s - 4 scrolls of torment {!r}
 v - 14 scrolls of identify {@r1}
 z - 5 scrolls of teleportation {@r4}
 D - a scroll of silence {!r}
 G - 5 scrolls of fear
 I - 2 scrolls of enchant armour
 L - a scroll of blinking {!r}
 M - 2 scrolls of vulnerability {!r!r}
Potions
 a - 4 potions of heal wounds {@q2}
 c - 4 potions of lignification {!q}
 d - 6 potions of brilliance
 f - 4 potions of flight
 g - 10 potions of curing {@q1}
 j - 5 potions of attraction {!q}
 k - 2 potions of mutation {!q}
 l - 2 potions of cancellation
 m - a potion of degeneration {!q}
 u - a potion of berserk rage {!q}
 E - 2 potions of might
 K - a potion of haste {unknown}
 U - a potion of magic
Miscellaneous
 x - a phantom mirror
   (You found it on level 1 of the Lair of Beasts)
 J - a tin of tremorstones (2/2)
   (You found it on level 6 of the Lair of Beasts)

Dungeon Overview and Level Annotations

Branches:
Dungeon (15/15)            Temple (0/1) D:4            Lair (6/6) D:8
  Swamp (0/4) Lair:2       Spider (3/4) Lair:2        Slime (0/5) Lair:6
    Orc (2/2) D:10            Elf (0/3) Orc:2        Vaults (0/5) D:14
 Depths (0/4) D:15        Ossuary (visited)

Altars:
Dithmenos
Fedhas
Gozag
Hepliaklqana
Makhleb
Qazlal
Trog
Uskayaw
Vehumet
Wu Jian
Xom
Yredelemnul
Zin
The Shining One
Beogh
Jiyva
Lugonu

Shops:
Orc:1 *   Orc:2 ?![

Portals:
Abyss: D:9 Lair:6
Trove: D:11 (give 12 potions of heal wounds)

Annotations:
D:7 1 runed translucent door, siradein's ghost, novice TrTm
D:9 2 transporters, siradein's ghost, novice DrFi
D:11 exclusion: orange crystal statue
Abyss:1 Dowan; Duvessa; Joseph; Saint Roka; Urug

##.......#.... ##$
##...........^.... #..
....^............ .##..#
#....#..#........
......##...^..........^.
.......#....>......#..#.
..........#.>.#.........
......^.................
#....vss..§^..........
...(....○s<.............
.....^...☼...s#...##..#.
.....#...#☼......^##....
#..#...ss.○......†......
^. ......s.#≈†[.°.......
. . ..#....≈≈≈≈.○s.#....
........^.#.≈≈...○^....
...#............$..


You could see a demonic crawler, a wolf spider, 2 orb spiders, 2 jumping spiders
and a redback.


Message History

Lugonu accepts your kill.
The redback completely misses you. 😎 MP[+1]
You blast the redback!!!
You kill the redback!
Lugonu accepts your kill. The jumping spider misses you. x2
You hit the jumping spider but do no damage.
The jumping spider barely misses you.
The jumping spider completely misses you.
You blast the jumping spider!!!
You kill the jumping spider!
Lugonu accepts your kill.
Your Air Magic skill increases to level 14!
No target in view!
Found a stone staircase leading up. 😎 MP[+1]
An electric eel comes into view. 😎 MP[+1]
A wolf spider and an orb spider come into view.
An orb spider comes into view. 😎 MP[+1]
The helpless electric eel fails to defend itself.
You batter the electric eel!!
You kill the electric eel!
Lugonu accepts your kill.
You hear a splash.
A jumping spider comes into view.
The jumping spider hisses angrily.
You hear an angry hiss.
A wolf spider comes into view.
The jumping spider leaps!
A demonic crawler comes into view.
A wolf spider comes into view.
The wolf spider completely misses you. x2; The wolf spider closely misses you.
The wolf spider completely misses you.
The wolf spider moves out of view.
The orb spider hisses angrily. x2
You hit the wolf spider.
Lightning courses through the wolf spider!
You hear an angry hiss.
The wolf spider completely misses you. The wolf spider misses you.
The orb spider pulsates with a strange energy.
You blast the wolf spider!!!
You kill the wolf spider!
Lugonu accepts your kill.
You hear an angry hiss.
You hear a hideous shriek!
The orb spider spins a strand of pure energy.
The wolf spider barely misses you. The wolf spider bites you.
The wolf spider completely misses you.
The wolf spider closely misses you. 😕 HP[-4] MP[+1]
You take 4 damage, and now have 60/64 hp.
You blast the wolf spider!!!
You hear an angry hiss.
The orb spider weaves a glowing orb of energy.
The orb of destruction hits a rock wall.
A jumping spider comes into view.
The wolf spider hits you.
The wolf spider barely misses you. 😕 HP[-2]
You take 2 damage, and now have 58/64 hp.
You barely miss the wolf spider. The wolf spider completely misses you.
The wolf spider bites you but does no damage.
The jumping spider leaps!
You batter the wolf spider!!
You kill the wolf spider!
Lugonu accepts your kill.
The orb spider pulsates with a strange energy.
The jumping spider leaps!
The orb spider weaves a glowing orb of energy.
An orb of destruction comes into view.
The orb spider pulsates with a strange energy. 😕 HP[+1]
A redback comes into view.
An orb spider comes into view. 😕 MP[+1]
The jumping spider leaps!
The orb spider weaves a glowing orb of energy.
The demonic crawler completely misses you. x3
The orb of destruction hits you!!!
Ouch! That really hurt!
* * * LOW HITPOINT WARNING * * *
The orb spider hisses angrily.
An orb of destruction comes into view. 😨 HP[-41]
You take 41 damage, and now have 18/64 hp.
MASSIVE DAMAGE!! (PAUSE)
The jumping spider leaps!
The orb of destruction hits the wolf spider!!
The orb spider weaves a glowing orb of energy.
The jumping spider leaps! x2
An orb of destruction comes into view.
Okay, then.
Space bends around you!
You blink. 😨 HP[-1] MP[-1]
You take 1 damage, and now have 17/64 hp.
You lost 1 mp, and now have 20/23 mp.
As you read the scroll of teleportation {@r4}, it crumbles to dust.
You feel strangely unstable.
The jumping spider completely misses you.
The jumping spider misses you. The orb of destruction hits you!!!
Ouch! That really hurt!
You die...

Skill      XL: |  1  2  3  4  5  6  7  8  9 10 11 12 13 14 |
---------------+-------------------------------------------+-----
Unarmed Combat | 3 4 5 6 8 10 | 10.2
Dodging        | 4 6 9 10 12 | 12.0
Fighting       | 4 5 6 7 9 |  9.0
Stealth        | 2 3 5 8 |  8.0
Invocations    | 3 4 6 7 8 |  8.0
Spellcasting   | 2 4 5 |  5.6
Summonings     | 1 4 |  4.0
Air Magic      | 1 8 12 14 | 14.0
Transmutations | 6 11 18 15 | 18.0

Action                   |  1- 3 |  4- 6 |  7- 9 | 10-12 | 13-15 || total
-------------------------+-------+-------+-------+-------+-------++-------
Melee: Unarmed           |   127 |   298 |   311 |   475 |   858 ||  2069
       Bite              |    12 |    45 |    42 |    71 |   101 ||   271
       Punch             |     3 |    13 |    16 |    26 |    59 ||   117
 Cast: Summon Small Mamm |     2 |     2 |    30 |    29 |    11 ||    74
       Call Canine Famil |       |       |    14 |    68 |    39 ||   121
       Summon Lightning  |       |       |       |    51 |   148 ||   199
       Storm Form        |       |       |       |     1 |    26 ||    27
Invok: Depart the Abyss  |     1 |       |       |       |     1 ||     2
       Bend Space        |       |     3 |     3 |     2 |    22 ||    30
       Banish            |       |       |     8 |    10 |    12 ||    30
 Abil: Blinkbolt         |       |       |       |     2 |    17 ||    19
       End Transformatio |       |       |       |       |     1 ||     1
Evoke: Wand              |       |     5 |       |    10 |     7 ||    22
       Phantom mirror    |       |       |       |       |     1 ||     1
  Use: Scroll            |       |     9 |     5 |     8 |     7 ||    29
       Potion            |       |       |     2 |     8 |     9 ||    19
 Stab: Sleeping          |     3 |    13 |     2 |    20 |    51 ||    89
       Distracted        |     1 |       |     7 |     5 |    31 ||    44
Armor: Skin              |    17 |    59 |    57 |    46 |    84 ||   263
Dodge: Dodged            |    80 |   286 |   285 |   483 |   945 ||  2079

Levels and vault maps discovered:
D:1:      amcnicky_arrival_abandoned_market, layout_basic,
          shapermc_ecumenical_altar_ellora
D:2:      layout_loops_ring, minmay_pentomino_x2
D:3:      layout_rooms, serial_undead, serial_undead_a, serial_undead_f,
          serial_undead_a, serial_undead_e, serial_undead_c, serial_undead_e,
          serial_undead_a, serial_undead_c, small_statue_alley_b, minivault_4,
          grunt_decor_cap, uniq_robin
D:4:      layout_cave_pools, mainiacjoe_overflow_alcove_4, temple_statues,
          chequers_ossuary_entry_cave, serial_glass, glass_columns_a,
          glass_columns_c, uniq_eustachio
D:5:      layout_cave_pools
D:6:      layout_loops_corners, kennysheep_little_box,
          fedhas_bush_and_centaur_altar, nicolae_dithmenos_shadow_blocks,
          gammafunk_temple_overflow_statue
D:7:      layout_rooms, vehumet_crystals, hellmonk_ghost_happy_afterlife,
          uniq_prince_ribbit1, uniq_duvessa
D:8:      layout_rooms, trog_ov_bears_minmay, zin_statuary, xom_shifter_show
D:9:      layout_roguey, lemuel_zombie_altar_yredelemnul,
          gammafunk_ghost_abyssal_escape
D:10:     layout_small_grid, grunt_gozag_statues, nicolae_uskayaw_suspiria,
          kennysheep_orc_monster_closet_entryway, uniq_sonja, uniq_joseph
D:11:     layout_irregular_city, enter_trove_5, minivault_16,
          minmay_misc_feat_ornament
D:12:     layout_rooms
D:13:     layout_loops_ring, nicolae_qazlal_scattered_showers
D:14:     layout_basic, ximxim_vaults_locker_room, hex_tiny, item_on_display_a,
          uniq_josephine
D:15:     grunt_enter_depths_giant_problem, layout_basic,
          kennysheep_pointless_box, nicolae_wu_jian_wuxing_cycle
Lair:1:   dreamdust_labyrinth, layout_regular_city, serial_bayou_shore_b,
          uniq_fannar, uniq_urug, uniq_gastronok
Lair:2:   layout_roguey, swamp_mist_pool, spider_nest_entry_a, worms_lemuel,
          infiniplex_staircase_pool
Lair:3:   cheibrodos_magma_flow, layout_misc_corridors
Lair:4:   layout_gridlike, serial_bayou_shore_b, serial_bayou_shore_a,
          uniq_nergalle
Lair:5:   layout_gridlike, grunt_megastairs_5
Lair:6:   hellmonk_lair_end_abyssal_woods, layout_cave_pods, slime_altar_1,
          wad_woods_06, kilobyte_rumbling_trees
Spider:1: layout_spider_delve
Spider:2: layout_chambers
Spider:3: layout_spider_delve
Orc:1:    layout_caves, serial_shops, nicolae_shop_hallway_stairs, uniq_snorg,
          uniq_erica
Orc:2:    st_orc_town, layout_caves, elf_legates, uniq_saint_roka

Notes
Turn   | Place    | Note
-------+----------+-------------------------------------------
     0 | Abyss:1  | spiderkeys the Felid Abyssal Knight began the quest for the
                  | Orb.
     0 | Abyss:1  | Reached XP level 1. HP: 10/10 MP: 3/3
     0 | Abyss:1  | magus.rc [v1.9.10]
    87 | Abyss:1  | Noticed a hellion
    88 | D:1      | You pass through the gate.
    88 | D:1      | Escaped the Abyss
   347 | D:1      | Reached * piety under Lugonu
   348 | D:1      | Reached XP level 2. HP: 14/14 MP: 4/4
   873 | D:1      | Reached skill level 3 in Unarmed Combat
   974 | D:1      | Reached XP level 3. HP: 17/17 MP: 5/5
  1075 | D:1      | Found a faded altar of an unknown god.
  1336 | D:2      | Reached skill level 4 in Dodging
  1541 | D:2      | Reached ** piety under Lugonu
  1714 | D:2      | You pick up a book of Callings and begin reading...
  1714 | D:2      | You add the spells Summon Small Mammal, Call Canine
                  | Familiar and Summon Guardian Golem to your library.
  1738 | D:2      | Learned a level 1 spell: Summon Small Mammal
  2177 | D:3      | Reached XP level 4. HP: 21/21 MP: 6/6
  2183 | D:3      | Reached skill level 4 in Unarmed Combat
  2229 | D:3      | Noticed Robin
  2703 | D:3      | Reached XP level 5. HP: 20/24 MP: 7/7
  2704 | D:3      | Killed Robin
  2942 | D:3      | Reached *** piety under Lugonu
  2943 | D:3      | Reached skill level 5 in Unarmed Combat
  3557 | D:4      | Gained mutation: You are covered in thick fur. (AC +2)
                  | [Felid growth]
  3557 | D:4      | Reached XP level 6. HP: 28/28 MP: 8/8
  3571 | D:3      | Reached skill level 4 in Fighting
  3571 | D:3      | Reached skill level 1 in Stealth
  3642 | D:4      | Reached skill level 2 in Invocations
  3649 | D:4      | magus.rc [v1.9.10]
  3686 | D:4      | Found a sand-covered staircase.
  3693 | Ossuary  | Entered an ossuary
  3886 | Ossuary  | Reached **** piety under Lugonu
  3918 | Ossuary  | Reached skill level 2 in Stealth
  4417 | D:4      | Reached skill level 3 in Invocations
  4538 | D:4      | HP: 7/28 [orc wizard/magic dart (9)]
  4808 | D:4      | Noticed Eustachio
  4818 | D:4      | Reached ***** piety under Lugonu
  4874 | D:4      | Found a staircase to the Ecumenical Temple.
  4967 | D:4      | Noticed Eustachio
  4967 | D:4      | Eustachio changed into Eustachio the hound
  4970 | D:4      | Killed Eustachio the hound
  4971 | D:4      | Reached XP level 7. HP: 21/32 MP: 10/10
  5292 | D:4      | Reached skill level 1 in Spellcasting
  5292 | D:4      | Reached skill level 4 in Invocations
  5576 | D:4      | Found a burning altar of Makhleb.
  5665 | D:5      | Entered Level 5 of the Dungeon
  5689 | D:4      | Reached skill level 6 in Unarmed Combat
  5820 | D:5      | Noticed a wraith
  5825 | D:5      | Reached skill level 2 in Spellcasting
  5971 | D:5      | Killed a wraith
  6062 | D:5      | Reached XP level 8. HP: 34/36 MP: 13/13
  6272 | D:5      | HP: 7/36 [ogre (29)]
  6533 | D:4      | Reached skill level 3 in Spellcasting
  6533 | D:4      | Reached skill level 5 in Invocations
  6964 | D:6      | Found a shadowy altar of Dithmenos.
  7201 | D:6      | Reached skill level 7 in Unarmed Combat
  7632 | D:6      | Found a blossoming altar of Fedhas.
  7646 | D:6      | Noticed a hornet
  7663 | D:6      | Gained mutation: You have hidden genetic defects. [potion
                  | of mutation]
  7663 | D:6      | Gained mutation: You are partially covered in iridescent
                  | scales. (AC +2) [potion of mutation]
  7663 | D:6      | Gained mutation: Your flesh is cold resistant. (rC+)
                  | [potion of mutation]
  7663 | D:6      | Gained mutation: Your flesh is heat resistant. (rF+)
                  | [potion of mutation]
  7664 | D:6      | Lost mutation: You have hidden genetic defects. [potion of
                  | mutation]
  7664 | D:6      | Lost mutation: You are partially covered in iridescent
                  | scales. (AC +2) [potion of mutation]
  7664 | D:6      | Lost mutation: Your flesh is heat resistant. (rF+) [potion
                  | of mutation]
  7664 | D:6      | Gained mutation: You have a somewhat thin skeletal
                  | structure. (Dex +2, Stealth+) [potion of mutation]
  7664 | D:6      | Gained mutation: Your spells are a little harder to cast,
                  | but a little more powerful. [potion of mutation]
  7740 | D:6      | Identified the ring "Uriustrar" {Contam Str+5 Int+6}
  7808 | D:6      | Found a hazy altar of Hepliaklqana.
  7852 | D:6      | Banished a hornet
  7866 | D:6      | Reached skill level 8 in Unarmed Combat
  7866 | D:6      | Reached skill level 4 in Spellcasting
  8066 | D:6      | Found a glowing golden altar of the Shining One.
  8066 | D:6      | Found a stormy altar of Qazlal.
  8229 | D:7      | Found a runed translucent door.
  8230 | D:7      | Noticed siradein's ghost (novice TrTm)
  8289 | D:7      | Reached skill level 3 in Stealth
  8289 | D:7      | Reached skill level 1 in Summonings
  8289 | D:7      | Reached skill level 6 in Invocations
  8337 | D:7      | Found a radiant altar of Vehumet.
  8337 | D:7      | Noticed Dowan
  8338 | D:7      | Noticed Duvessa
  8353 | D:7      | Banished Duvessa
  8354 | D:7      | Reached XP level 9. HP: 39/39 MP: 8/16
  8407 | D:6      | Learned a level 3 spell: Call Canine Familiar
  8421 | D:7      | Reached skill level 2 in Summonings
  8494 | D:7      | Reached skill level 4 in Stealth
  8628 | D:7      | Noticed Prince Ribbit
  8641 | D:7      | Killed Prince Ribbit
  8662 | D:7      | Reached skill level 5 in Stealth
  8662 | D:7      | Reached skill level 3 in Summonings
  8681 | D:7      | HP: 9/39 [orc (2)]
  8774 | D:7      | Banished Dowan
  8984 | D:7      | Reached skill level 5 in Dodging
  8984 | D:7      | Reached skill level 4 in Summonings
  8984 | D:7      | Reached skill level 7 in Invocations
  9501 | D:8      | You pick up a book of Decay and begin reading...
  9501 | D:8      | You add the spells Corpse Rot, Dispel Undead and Death
                  | Channel to your library.
  9507 | D:8      | You add the spells Malign Gateway and Summon Horrible
                  | Things to your library.
  9579 | D:8      | Found a bloodstained altar of Trog.
  9587 | D:8      | Found a staircase to the Lair.
  9624 | D:8      | Reached skill level 6 in Dodging
  9925 | D:8      | Found a shimmering altar of Xom.
  9931 | D:8      | Found a shimmering altar of Xom.
  9931 | D:8      | Found a shimmering altar of Xom.
  9931 | D:8      | Found a shimmering altar of Xom.
 10130 | D:8      | Reached skill level 5 in Fighting
 10262 | D:8      | Reached XP level 10. HP: 38/44 MP: 15/17
 10770 | D:8      | Reached skill level 8 in Invocations
 11030 | D:8      | Found a glowing silver altar of Zin.
 11306 | D:9      | Noticed a death knight
 11327 | D:9      | Reached skill level 7 in Dodging
 11409 | D:9      | Banished a death knight
 11436 | D:9      | Reached skill level 6 in Stealth
 11572 | D:9      | You pick up a book of Necromancy and begin reading...
 11572 | D:9      | You add the spells Pain, Animate Skeleton and Vampiric
                  | Draining to your library.
 11608 | D:9      | Noticed a two-headed ogre
 11882 | D:9      | HP: 7/45 [wraith[a death knight] (6)]
 12044 | D:9      | Found a transporter.
 12094 | D:9      | Reached skill level 6 in Fighting
 12097 | D:9      | Reached skill level 8 in Dodging
 12111 | D:9      | Reached skill level 5 in Spellcasting
 12223 | D:9      | Found a transporter.
 12225 | D:9      | Noticed a smoke demon
 12226 | D:9      | Noticed a hell hog
 12285 | D:9      | Killed a two-headed ogre
 12286 | D:9      | Reached skill level 7 in Stealth
 12465 | D:9      | Found a one-way gate to the infinite horrors of the Abyss.
 12465 | D:9      | Noticed siradein's ghost (novice DrFi)
 12738 | D:9      | Found a basalt altar of Yredelemnul.
 12835 | D:10     | Entered Level 10 of the Dungeon
 13137 | D:10     | Found a staircase to the Orcish Mines.
 13147 | D:10     | Identified a scroll of acquirement
 13148 | D:10     | Acquired a book of the Sky
 13149 | D:10     | You pick up a book of the Sky and begin reading...
 13149 | D:10     | You add the spells Summon Lightning Spire, Storm Form and
                  | Maxwell's Capacitive Coupling to your library.
 13155 | D:10     | Learned a level 4 spell: Summon Lightning Spire
 13187 | D:10     | Reached skill level 8 in Stealth
 13187 | D:10     | Reached skill level 1 in Air Magic
 13190 | D:10     | You add the spells Conjure Flame, Ignite Poison and Sticky
                  | Flame to your library.
 13265 | D:10     | Noticed Joseph
 13266 | D:10     | Found an opulent altar of Gozag.
 13273 | D:10     | Banished Joseph
 13274 | D:10     | Reached skill level 9 in Dodging
 13274 | D:10     | Reached XP level 11. HP: 48/48 MP: 7/20
 13389 | D:10     | Noticed a two-headed ogre
 13392 | D:10     | Killed a two-headed ogre
 13393 | D:10     | Reached skill level 3 in Air Magic
 13601 | D:10     | Noticed Sonja
 13603 | D:10     | Banished Sonja
 13604 | D:10     | Reached skill level 4 in Air Magic
 14588 | D:9      | Noticed a hell hog
 15107 | D:10     | Reached skill level 5 in Air Magic
 15996 | D:10     | Found a hide-covered altar of Uskayaw.
 16279 | D:11     | Reached skill level 6 in Air Magic
 16298 | D:11     | Noticed an orange crystal statue
 16441 | D:11     | Noticed a vault guard
 16528 | D:11     | Killed a vault guard
 16663 | D:11     | Found a portal to a secret trove of treasure.
 16667 | D:11     | This trove needs 12 potions of heal wounds to function.
                  | Give it the items?
 16721 | D:11     | Reached skill level 7 in Air Magic
 16850 | D:11     | Noticed a skeletal warrior
 16853 | D:11     | Noticed a skeletal warrior
 16868 | D:11     | Killed a skeletal warrior
 16877 | D:11     | Killed a skeletal warrior
 16878 | D:11     | Reached skill level 8 in Air Magic
 16890 | D:11     | Learned a level 7 spell: Storm Form
 17033 | D:11     | Reached skill level 1 in Transmutations
 17067 | D:11     | You pick up a book of Annihilations and begin reading...
 17067 | D:11     | You add the spells Chain Lightning, Fire Storm and Shatter
                  | to your library.
 17077 | D:11     | Noticed a skeletal warrior
 17095 | D:11     | Noticed a skeletal warrior
 17095 | D:11     | Noticed a skeletal warrior
 17177 | D:11     | Killed a skeletal warrior
 17178 | D:11     | Reached skill level 3 in Transmutations
 17348 | D:11     | HP: 12/48 [poisoned by an orange demon]
 17484 | D:11     | Killed a skeletal warrior
 17485 | D:11     | Reached skill level 4 in Transmutations
 17666 | D:11     | Reached skill level 5 in Transmutations
 17939 | D:11     | HP: 12/48 [skeletal warrior[a skeletal warrior] (23)]
 17942 | D:11     | Killed a skeletal warrior
 17943 | D:11     | Reached skill level 6 in Transmutations
 17943 | D:11     | Gained mutation: Your thick and shaggy fur keeps you warm.
                  | (AC +3, rC+) [Felid growth]
 17943 | D:11     | Reached XP level 12. HP: 14/52 MP: 14/21
 18326 | D:12     | Reached skill level 7 in Transmutations
 18653 | D:12     | Reached skill level 8 in Transmutations
 18988 | D:13     | Noticed a two-headed ogre
 18999 | D:13     | Killed a two-headed ogre
 19167 | D:13     | Found a stormy altar of Qazlal.
 19175 | D:13     | Reached skill level 9 in Transmutations
 19496 | D:13     | Noticed a two-headed ogre
 19504 | D:13     | HP: 6/52 [two-headed ogre (20)]
 19508 | D:13     | Killed a two-headed ogre
 19852 | D:13     | HP: 13/52 [meliai/divine providence (14)]
 19853 | D:13     | Reached skill level 10 in Transmutations
 20446 | D:14     | Noticed a tengu warrior
 20522 | Orc:1    | Entered Level 1 of the Orcish Mines
 20543 | Orc:1    | Found Kywugoah's General Store.
 20570 | Orc:1    | Noticed Erica
 20604 | Orc:1    | Noticed Snorg
 20606 | Orc:1    | Killed Erica
 20746 | Orc:1    | HP: 2/53 [Snorg (12)]
 20747 | Orc:1    | Killed Snorg
 20981 | Orc:1    | Noticed an ettin
 21403 | Orc:1    | Killed an ettin
 21504 | Orc:1    | Reached skill level 11 in Transmutations
 21539 | Orc:1    | HP: 4/53 [orc priest/divine providence (17)]
 21590 | Orc:1    | HP: 13/53 [orc warrior (5)]
 22197 | Orc:2    | Entered Level 2 of the Orcish Mines
 22433 | Orc:2    | Noticed Saint Roka
 22443 | Orc:2    | Banished Saint Roka
 22444 | Orc:2    | Reached skill level 7 in Fighting
 22444 | Orc:2    | Reached skill level 10 in Dodging
 22444 | Orc:2    | Reached XP level 13. HP: 49/57 MP: 15/22
 22664 | Orc:2    | HP: 15/85 [ice devil[an orc sorcerer] (11)]
 23098 | Orc:2    | Found a staircase to the Elven Halls.
 23203 | Orc:2    | Reached skill level 9 in Air Magic
 23301 | Orc:2    | HP: 10/54 [deep elf pyromancer/bolt of fire (11)]
 23467 | Orc:2    | Noticed an orc warlord
 23468 | Orc:2    | Identified +0 gold dragon scales
 23476 | Orc:2    | Banished an orc warlord
 23479 | Orc:2    | Reached skill level 11 in Dodging
 23967 | Orc:2    | Reached skill level 8 in Fighting
 24238 | Orc:2    | Found Piqett's Distillery.
 24238 | Orc:2    | Found Tupakel's Magic Scroll Shop.
 24303 | Orc:2    | Bought a scroll of acquirement for 676 gold pieces
 24303 | Orc:2    | Acquired the ring of Ryomao {Will+ Str+3 Slay+3 Stlth+}
 24389 | Orc:2    | Reached skill level 10 in Air Magic
 24401 | Orc:2    | Found Gohot's Antique Armour Shop.
 24401 | Orc:2    | Found Witros's Jewellery Shoppe.
 24885 | Lair:1   | Entered Level 1 of the Lair of Beasts
 24920 | Lair:1   | Noticed Gastronok
 24927 | Lair:1   | Noticed Fannar
 24988 | Lair:1   | Killed Fannar
 24989 | Lair:1   | Killed Gastronok
 25239 | Lair:1   | Found a runed translucent door.
 25469 | Lair:1   | Noticed Urug
 25470 | Lair:1   | Banished Urug
 26315 | Lair:1   | Noticed a minotaur
 26472 | Lair:2   | Reached skill level 12 in Dodging
 26957 | Lair:2   | Found a staircase to the Swamp.
 26988 | Lair:2   | Reached skill level 9 in Fighting
 26988 | Lair:2   | Reached skill level 11 in Air Magic
 27156 | Lair:2   | Found a hole to the Spider Nest.
 27174 | Lair:2   | HP: 11/60 [redback (13)]
 27590 | Lair:2   | HP: 3/60 [swamp worm/harpoon shot (25)]
 27590 | Lair:2   | Slain by a demonic crawler
 27591 | Lair:2   | Reached XP level 12. HP: -2/57 MP: 16/21
 27741 | Lair:2   | HP: 2/57 [swamp worm (22)]
 28334 | Lair:3   | Reached XP level 13. HP: 52/60 MP: 14/22
 28824 | Lair:3   | Reached skill level 9 in Unarmed Combat
 29467 | Lair:3   | Reached skill level 12 in Air Magic
 30997 | Lair:4   | Noticed Nergalle
 31004 | Lair:4   | Killed Nergalle
 31053 | Lair:4   | HP: 15/60 [poisoned by a cane toad]
 31676 | Lair:5   | You pick up a book of Unlife and begin reading...
 31676 | Lair:5   | You add the spells Animate Dead and Borgnjor's Vile Clutch
                  | to your library.
 31687 | Lair:5   | You fall into a shaft and drop 1 floor!
 31687 | Lair:6   | Entered Level 6 of the Lair of Beasts
 31737 | Lair:5   | Reached skill level 12 in Transmutations
 32291 | Lair:5   | Reached skill level 10 in Unarmed Combat
 33223 | Lair:6   | Reached skill level 13 in Transmutations
 33333 | Lair:6   | Reached XP level 14. HP: 43/64 MP: 21/23
 33810 | Lair:6   | You pick up a book of the Senses and begin reading...
 33810 | Lair:6   | You add the spells Dazzling Flash, Agony and Silence to
                  | your library.
 34084 | Lair:6   | Reached ****** piety under Lugonu
 34085 | Lair:6   | Reached skill level 14 in Transmutations
 34891 | Lair:6   | Found a staircase to the Slime Pits.
 34891 | Lair:6   | Found a viscous altar of Jiyva.
 35447 | Lair:6   | Reached skill level 15 in Transmutations
 36378 | Lair:6   | Found a corrupted altar of Lugonu.
 36867 | Lair:6   | Voluntarily entered the Abyss.
 36882 | Abyss:1  | Found a shimmering altar of Xom.
 36932 | Abyss:1  | HP: 15/64 [Sonja (6)]
 36932 | Abyss:1  | Mangled by Sonja
 36933 | Abyss:1  | Reached XP level 13. HP: -12/60 MP: 21/22
 36987 | Abyss:1  | Noticed a starcursed mass
 36988 | Lair:6   | You pass through the gate.
 36988 | Lair:6   | Escaped the Abyss
 37213 | Lair:1   | Killed a minotaur
 37215 | Lair:1   | You pick up a book of the Hunter and begin reading...
 37952 | D:14     | Reached skill level 16 in Transmutations
 37958 | D:14     | Noticed Josephine
 38066 | D:14     | HP: 9/57 [Josephine/ghostly fireball (26)]
 38067 | D:14     | HP: 4/57 [poisoned by Josephine]
 38068 | D:14     | Succumbed to Josephine's poison
 38069 | D:14     | Reached XP level 12. HP: 0/54 MP: 7/21
 38077 | D:14     | Killed Josephine
 38140 | D:14     | Reached XP level 13. HP: 53/60 MP: 22/22
 38783 | D:14     | Reached skill level 17 in Transmutations
 38906 | D:14     | Found a gate to the Vaults.
 39177 | D:15     | Entered Level 15 of the Dungeon
 39281 | D:15     | Found an ornate altar of the Wu Jian Council.
 39460 | D:15     | Found a staircase to the Depths.
 39460 | D:15     | Noticed a stone giant
 39480 | D:15     | Killed a stone giant
 39481 | D:15     | Reached skill level 18 in Transmutations
 40341 | Orc:2    | Bought a scroll of teleportation for 39 gold pieces
 40341 | Orc:2    | Bought a scroll of blinking for 97 gold pieces
 40350 | Orc:2    | Bought a potion of curing for 45 gold pieces
 40350 | Orc:2    | Bought a potion of curing for 45 gold pieces
 40350 | Orc:2    | Bought a potion of heal wounds for 75 gold pieces
 40553 | Spider:1 | Entered Level 1 of the Spider Nest
 40562 | Spider:1 | Noticed a ghost moth
 40576 | Spider:1 | Killed a ghost moth
 41239 | Spider:1 | Reached XP level 14. HP: 64/64 MP: 23/23
 41320 | Spider:1 | Reached skill level 13 in Air Magic
 41908 | Spider:1 | You pick up a book of the Warp and begin reading...
 41908 | Spider:1 | You add the spells Dispersal and Disjunction to your
                  | library.
 42606 | Spider:2 | HP: 13/64 [disintegration (16)]
 42636 | Spider:2 | HP: 9/64 [redback (8)]
 43549 | Spider:2 | You fall into a shaft and drop 1 floor!
 43695 | Spider:3 | Reached skill level 14 in Air Magic
 43724 | Spider:3 | Blown up by an orb spider

Vanquished Creatures
  A ghost moth (Spider:1)
  A stone giant (D:15)
  A minotaur (Lair:1)
  Josephine (D:14)
  Snorg (Orc:1)
  An ice dragon (D:15)
  4 hydras
  2 boulder beetles (D:15)
  2 vault guards (D:14)
  2 two-headed ogres
  Erica (Orc:1)
  2 tengu warriors (D:14)
  3 death yaks
  2 thrashing horrors (Lair:6)
  Nergalle (Lair:4)
  A deep elf knight (Orc:2)
  2 large abominations (Lair:6)
  8 orb spiders
  2 manticores (D:14)
  5 orc sorcerers (Orc:2)
  7 wolf spiders
  A moth of wrath (Spider:1)
  3 deep elf pyromancers
  14 ugly things
  6 cyclopes
  An elephant (shapeshifter) (Lair:6)
  2 elephants (Lair:6)
  5 black mambas
  A smoke demon (Lair:6)
  2 molten gargoyles (Lair:3)
  6 komodo dragons
  An unseen horror (D:11)
  A freezing wraith (D:9)
  7 cane toads
  3 yaktaurs (D:14)
  2 rime drakes (Lair:5)
  A yaktaur (shapeshifter) (D:14)
  7 demonic crawlers
  4 trolls
  17 jumping spiders
  A polar bear (shapeshifter) (D:14)
  3 meliai (D:13)
  3 polar bears
  2 hornets
  11 blink frogs (Lair:6)
  2 slime creatures (D:14)
  2 shadows
  6 wraiths
  8 tarantellas
  2 wyverns
  6 small abominations (Lair:6)
  2 ynoxinuls (Lair:6)
  5 basilisks
  36 redbacks
  12 yaks
  A vampire (D:13)
  A hog (shapeshifter) (Lair:6)
  10 humans (D:14)
  12 vampire mosquitoes
  A steam dragon (D:8)
  A swamp worm (Lair:2)
  2 wargs (Orc:2)
  3 acid dragons
  9 water moccasins
  A floating eye (shapeshifter) (Lair:6)
  9 orc warriors
  2 ice beasts
  6 black bears
  4 ogres
  4 boggarts (Lair:6)
  5 wolves
  5 centaurs
  4 kobold brigands (D:10)
  A gnoll sergeant (D:10)
  5 scorpions
  12 bullfrogs
  4 killer bees (D:9)
  13 wights
  A nameless horror (Lair:3)
  4 electric eels
  3 howler monkeys (D:11)
  5 centaur zombies
  2 lava snakes (Lair:3)
  A bullfrog zombie (D:4)
  3 hounds
  A jelly (D:7)
  8 orc priests
  2 centaur skeletons (D:4)
  A scorpion zombie (D:5)
  3 iguanas
  36 orc wizards
  A killer bee zombie (D:6)
  2 hound zombies (D:3)
  2 howler monkey zombies
  A mummy (Ossuary)
  Robin (D:3)
  8 gnolls
  6 adders
  A white imp (D:4)
  2 adder zombies
  An adder skeleton (D:3)
  A worm (D:2)
  7 dart slugs
  57 orcs
  A spectral bat (Ossuary)
  8 endoplasms
  2 giant cockroaches
  12 gnoll zombies (Ossuary)
  20 goblins
  17 hobgoblins
  4 jackals (D:1)
  7 kobolds
  2 quokkas
  8 ball pythons
  A ball python skeleton (D:3)
  7 bats
  3 bat simulacra (Ossuary)
  3 goblin simulacra (Ossuary)
  2 goblin zombies (Ossuary)
  4 hobgoblin zombies (Ossuary)
  4 kobold simulacra (Ossuary)
  7 kobold zombies (Ossuary)
  5 orc zombies (Ossuary)
  5 rats
  A rat simulacrum (Ossuary)
  3 spectral goblins (Ossuary)
  A spectral kobold (Ossuary)
  3 spectral rats (Ossuary)
640 creatures vanquished.

Vanquished Creatures (collateral kills)
  Gastronok (Lair:1)
  An ettin (Orc:1)
  A vault guard (D:11)
  Fannar (Lair:1)
  A hydra (Lair:4)
  10 death yaks
  2 two-headed ogres (D:13)
  5 skeletal warriors (D:11)
  An orc knight (Orc:2)
  A deep elf zephyrmancer (Orc:2)
  3 deep elf pyromancers (Orc:2)
  An orc sorcerer (Orc:2)
  3 elephants (Lair:6)
  3 cane toads
  An unseen horror (D:13)
  A rime drake (Lair:5)
  3 komodo dragons
  An ancient zyme (Lair:6)
  A jumping spider (Lair:2)
  3 trolls
  Prince Ribbit (D:7)
  7 blink frogs (Lair:6)
  4 slime creatures (D:14)
  A redback (Lair:2)
  A spriggan (Lair:6)
  2 wraiths
  A wyvern (Lair:2)
  A ynoxinul (Lair:6)
  A basilisk (Lair:6)
  17 yaks
  A chaos spawn (Lair:6)
  A large abomination (Lair:6)
  2 wargs (Orc:2)
  2 swamp worms (Lair:2)
  7 small abominations (Lair:6)
  A water moccasin (Lair:5)
  14 orc warriors
  3 ogres
  3 wolves
  2 kobold brigands (D:10)
  A gnoll sergeant (D:10)
  2 bullfrogs
  A howler monkey (D:8)
  2 lava snakes (Lair:3)
  7 orc priests
  12 orc wizards
  A gnoll (D:10)
  38 orcs
180 creatures vanquished.

Vanquished Creatures (others)
  A jumping spider (Spider:1)
  3 bushes
  33 fungi
  42 plants
79 creatures vanquished.

Grand Total: 899 creatures vanquished

Table legend:
 A = Non-vault XP
 B = Vault XP
 C = Vault XP percentage of total XP
 D = Non-vault monster count
 E = Vault monster count
 F = Vault count percentage of total count
                 A         B        C        D         E       F
            +---------+---------+-------+---------+---------+-------
      Total |  111513 |   54522 |  32.8 |     557 |     279 |  33.4
            +---------+---------+-------+---------+---------+-------
        D:1 |      54 |       0 |   0.0 |      31 |       0 |   0.0
        D:2 |      62 |      23 |  27.1 |      20 |      13 |  39.4
        D:3 |     145 |     118 |  44.9 |      28 |       7 |  20.0
        D:4 |     641 |      42 |   6.1 |      26 |       1 |   3.7
        D:5 |     459 |       0 |   0.0 |      11 |       0 |   0.0
        D:6 |     696 |     106 |  13.2 |      11 |       1 |   8.3
        D:7 |    1459 |     495 |  25.3 |      30 |       3 |   9.1
        D:8 |    1162 |     252 |  17.8 |      18 |       2 |  10.0
        D:9 |    3840 |      60 |   1.5 |      29 |       2 |   6.5
       D:10 |    2173 |    2979 |  57.8 |       9 |      22 |  71.0
       D:11 |    6742 |     873 |  11.5 |      24 |       1 |   4.0
       D:12 |    3117 |       0 |   0.0 |      12 |       0 |   0.0
       D:13 |    4377 |     214 |   4.7 |      10 |       1 |   9.1
       D:14 |   14415 |    5011 |  25.8 |      35 |      15 |  30.0
       D:15 |    8002 |    1071 |  11.8 |      14 |       1 |   6.7
     Lair:1 |    2733 |    4206 |  60.6 |      13 |       4 |  23.5
     Lair:2 |    5257 |    1832 |  25.8 |      20 |       8 |  28.6
     Lair:3 |    8775 |     997 |  10.2 |      19 |       6 |  24.0
     Lair:4 |    4173 |     787 |  15.9 |      17 |       1 |   5.6
     Lair:5 |    3568 |    4443 |  55.5 |      18 |       6 |  25.0
     Lair:6 |    9365 |   14068 |  60.0 |      28 |      52 |  65.0
   Spider:1 |   12709 |       0 |   0.0 |      37 |       0 |   0.0
   Spider:2 |    8077 |       0 |   0.0 |      26 |       0 |   0.0
   Spider:3 |    5517 |       0 |   0.0 |      20 |       0 |   0.0
      Orc:1 |    2825 |    1740 |  38.1 |      28 |       2 |   6.7
      Orc:2 |    1170 |   15129 |  92.8 |      23 |      81 |  77.9
    Ossuary |       0 |      76 | 100.0 |       0 |      50 | 100.0
            +---------+---------+-------+---------+---------+-------

Illustrated notes

Table legend:
 A = Kills in this place as a percentage of kills in entire the game.
 B = Kills by you in this place as a percentage of kills by you in the entire game.
 C = Kills by friends in this place as a percentage of kills by friends in the entire game.
 D = Other kills in this place as a percentage of other kills in the entire game.
 E = Experience gained in this place as a percentage of experience gained in the entire game.
 F = Experience gained in this place divided by the number of levels of this place that you have seen.
                   A       B       C       D       E      F
               +-------+-------+-------+-------+-------+----------------------
         Total | 100.0 | 100.0 | 100.0 | 100.0 | 100.0 | 5725.3
       Dungeon |  45.1 |  50.7 |  24.4 |  52.9 |  35.3 | 3905.9
          Lair |  23.0 |  18.2 |  40.0 |  23.5 |  36.3 | 10034.0
   Spider Nest |   9.9 |  13.0 |   0.0 |   0.0 |  15.8 | 8767.7
  Orcish Mines |  16.0 |  10.3 |  35.6 |  23.5 |  12.6 | 10432.0
       Ossuary |   6.0 |   7.8 |   0.0 |   0.0 |   0.0 |  76.0
               +-------+-------+-------+-------+-------+----------------------

Table legend: (Time is in decaauts)
 A = Elapsed time spent in this place.
 B = Non-inter-level travel time spent in this place.
 C = Inter-level travel time spent in this place.
 D = Time resting spent in this place.
 E = Time spent auto-exploring this place.
 F = Levels seen in this place.
 G = Mean time per level.
                   A        B        C        D        E       F      G
               +--------+--------+--------+--------+--------+-----+--------+
         Total |  39449 |  37635 |   1814 |  12036 |  16506 |  29 | 1360.3 |
       Dungeon |  20876 |  19824 |   1052 |   7443 |   7652 |  15 | 1391.7 |
          Lair |  11510 |  10956 |    554 |   2419 |   6149 |   6 | 1918.3 |
   Spider Nest |   2569 |   2543 |     26 |    847 |   1217 |   3 |  856.3 |
  Orcish Mines |   3675 |   3494 |    181 |   1072 |   1374 |   2 | 1837.5 |
         Abyss |    168 |    168 |      0 |      0 |     98 |   2 |   84.0 |
       Ossuary |    649 |    649 |      0 |    254 |     13 |   1 |  649.0 |
               +--------+--------+--------+--------+--------+-----+--------+

Top non-repeatable levels by time:
  Lair:6: 3327 daAuts
     D:9: 2741 daAuts
    D:10: 2480 daAuts
  Lair:2: 2357 daAuts
   Orc:2: 2320 daAuts
    D:11: 1709 daAuts
  Lair:1: 1539 daAuts
  Lair:3: 1535 daAuts
  Lair:5: 1526 daAuts
     D:4: 1510 daAuts
    D:13: 1488 daAuts
     D:8: 1469 daAuts
Spider:1: 1448 daAuts
   Orc:1: 1354 daAuts
     D:6: 1288 daAuts
